TOP OF THE 1ST |
New York Mets batting - Pitching for Los Angeles Angels : RHP Sonny Gray
|
Pitching: RHP Sonny Gray
|
|
Batting: SHB Ian Happ
|
0-0: Foul Ball, location: 2F 0-1: Foul Ball, location: 2F 0-2: Ball 1-2: Ball 2-2: Foul Ball, location: 2F 2-2: Reached via error on a dropped throw from 1B, E1 (Groundball, 3S, EV 76.3 MPH)
|
Batting: LHB Travis Shaw
|
0-0: Called Strike 0-1: Foul Ball, location: 2F 0-2: Ball 1-2: Fielders Choice at 2nd, 3-6 (Groundball, 3S, EV 91.9 MPH)
|
Batting: LHB Mike Moustakas
|
0-0: Foul Ball, location: 2F 0-1: Ball 1-1: Called Strike 1-2: Strikes out swinging
|
Batting: RHB Rhys Hoskins
|
0-0: Ball 1-0: Ball 2-0: Swinging Strike 2-1: SINGLE (Groundball, 56D, EV 97.5 MPH) Travis Shaw to second
|
Batting: RHB Salvador Perez
|
0-0: Ball 1-0: Ball 2-0: Ball 3-0: Base on Balls Travis Shaw to third Rhys Hoskins to second
|
Batting: LHB Eddie Rosario
|
0-0: Ball 1-0: Ball 2-0: SINGLE (Groundball, 34D, EV 95.6 MPH) Travis Shaw scores Rhys Hoskins to third Salvador Perez to second Runner from 3rd tries for Home, SAFE, throw by RF to home
|
Batting: RHB Christian Vazquez
|
0-0: Called Strike 0-1: Swinging Strike 0-2: Ground out 1-3 (Groundball, 13, EV 73.1 MPH)
|
Top of the 1st over - 2 runs, 2 hits, 1 error, 2 left on base; New York 2 - Los Angeles 0 |
BOTTOM OF THE 1ST |
Los Angeles Angels batting - Pitching for New York Mets : RHP Jack Flaherty
|
Pitching: RHP Jack Flaherty
|
|
Batting: RHB Francisco Pena
|
0-0: Called Strike 0-1: Swinging Strike 0-2: Ground out 4-3 (Groundball, 4, EV 88.8 MPH)
|
Batting: RHB Braden Bishop
|
0-0: Foul Ball, location: 2F 0-1: Foul Ball, location: 2F 0-2: Strikes out looking
|
Batting: RHB Brian Anderson
|
0-0: Called Strike 0-1: Foul Ball, location: 2F 0-2: Strikes out looking
|
Bottom of the 1st over - 0 runs, 0 hits, 0 errors, 0 left on base; New York 2 - Los Angeles 0 |
TOP OF THE 2ND |
New York Mets batting - Pitching for Los Angeles Angels : RHP Sonny Gray
|
Batting: SHB Bryan Reynolds
|
0-0: Foul Ball, location: 2F 0-1: SINGLE (Groundball, 4MD, EV 96.3 MPH)
|
Batting: RHB Nick Ahmed
|
0-0: Called Strike 0-1: Called Strike 0-2: Foul Ball, location: 2F 0-2: Ball 1-2: Strikes out looking
|
Batting: SHB Ian Happ
|
0-0: Ball 1-0: Grounds into double play, U6-3 (Groundball, 4MD, EV 105.0 MPH)
|
Top of the 2nd over - 0 runs, 1 hit, 0 errors, 0 left on base; New York 2 - Los Angeles 0 |
BOTTOM OF THE 2ND |
Los Angeles Angels batting - Pitching for New York Mets : RHP Jack Flaherty
|
Batting: SHB Yolmer Sanchez
|
0-0: Ball 1-0: Fly out, F7 (Flyball, 78XD, EV 100.6 MPH)
|
Batting: RHB Mikie Mahtook
|
0-0: Called Strike 0-1: Ball 1-1: Foul Ball, location: 2F 1-2: Strikes out swinging
|
Batting: RHB Wil Myers
|
0-0: DOUBLE (Groundball, 5L, EV 101.9 MPH)
|
Batting: RHB Cameron Maybin
|
0-0: Ball 1-0: Ball 2-0: Ball 3-0: Called Strike 3-1: Called Strike 3-2: Base on Balls
|
Batting: RHB Avisail Garcia
|
0-0: Ball 1-0: Fielders Choice at 2nd, 6-4 (Groundball, 56, EV 109.4 MPH)
|
Bottom of the 2nd over - 0 runs, 1 hit, 0 errors, 2 left on base; New York 2 - Los Angeles 0 |
TOP OF THE 3RD |
New York Mets batting - Pitching for Los Angeles Angels : RHP Sonny Gray
|
Batting: LHB Travis Shaw
|
0-0: Called Strike 0-1: Reached via error on a dropped throw from 1B, E1 (Groundball, 34, EV 84.4 MPH)
|
Batting: LHB Mike Moustakas
|
0-0: Swinging Strike 0-1: Ground out 6-3 (Groundball, 4, EV 87.5 MPH) Travis Shaw to second
|
Batting: RHB Rhys Hoskins
|
0-0: Swinging Strike 0-1: Called Strike 0-2: Strikes out swinging
|
Batting: RHB Salvador Perez
|
0-0: Ball 1-0: Fly out, F8 (Flyball, 8LD, EV 87.5 MPH)
|
Top of the 3rd over - 0 runs, 0 hits, 1 error, 1 left on base; New York 2 - Los Angeles 0 |
BOTTOM OF THE 3RD |
Los Angeles Angels batting - Pitching for New York Mets : RHP Jack Flaherty
|
Batting: RHB Zack Cozart
|
0-0: Ball 1-0: Fly out, F5 (Popup, 5SF, EV 75.0 MPH)
|
Batting: RHB Francisco Pena
|
0-0: Foul Ball, location: 2F 0-1: Ball 1-1: Ball 2-1: Foul Ball, location: 2F 2-2: Strikes out swinging
|
Batting: RHB Braden Bishop
|
0-0: Foul Ball, location: 2F 0-1: Ball 1-1: Ball 2-1: Ball 3-1: Called Strike 3-2: SINGLE (Line Drive, 9S, EV 96.9 MPH)
|
Batting: RHB Brian Anderson
|
0-0: Called Strike 0-1: Ball 1-1: Foul Ball, location: 2F 1-2: Strikes out swinging
|
Bottom of the 3rd over - 0 runs, 1 hit, 0 errors, 1 left on base; New York 2 - Los Angeles 0 |
TOP OF THE 4TH |
New York Mets batting - Pitching for Los Angeles Angels : RHP Sonny Gray
|
Batting: LHB Eddie Rosario
|
0-0: Ground out 3-1 (Groundball, 34, EV 86.3 MPH)
|
Batting: RHB Christian Vazquez
|
0-0: Ball 1-0: Ball 2-0: Ball 3-0: Called Strike 3-1: SINGLE (Line Drive, 78M, EV 109.4 MPH)
|
Batting: SHB Bryan Reynolds
|
0-0: Fielders Choice at 2nd, 5-4 (Groundball, 56, EV 83.1 MPH)
|
Batting: RHB Nick Ahmed
|
0-0: Called Strike 0-1: SINGLE (Line Drive, 89M, EV 102.5 MPH) Bryan Reynolds to second
|
Batting: SHB Ian Happ
|
0-0: Ball 1-0: Ball 2-0: Ball 3-0: Base on Balls Bryan Reynolds to third Nick Ahmed to second
|
Batting: LHB Travis Shaw
|
0-0: Called Strike 0-1: Ball 1-1: Ball 2-1: Foul Ball, location: 2F 2-2: Ball 3-2: Fly out, F2 (Popup, 15S, EV 80.0 MPH)
|
Top of the 4th over - 0 runs, 2 hits, 0 errors, 3 left on base; New York 2 - Los Angeles 0 |
BOTTOM OF THE 4TH |
Los Angeles Angels batting - Pitching for New York Mets : RHP Jack Flaherty
|
Batting: SHB Yolmer Sanchez
|
0-0: Ball 1-0: Called Strike 1-1: Ball 2-1: Ball 3-1: Swinging Strike 3-2: Foul Ball, location: 2F 3-2: Strikes out looking
|
Batting: RHB Mikie Mahtook
|
0-0: Foul Ball, location: 2F 0-1: Ball 1-1: SINGLE (Line Drive, 8LS, EV 88.1 MPH)
|
Batting: RHB Wil Myers
|
0-0: Called Strike Mikie Mahtook steals 2nd base 0-1: Swinging Strike 0-2: Ball 1-2: Ball 2-2: Strikes out swinging
|
Batting: RHB Cameron Maybin
|
0-0: Called Strike 0-1: Fly out, F8 (Flyball, 8LD, EV 101.9 MPH)
|
Bottom of the 4th over - 0 runs, 1 hit, 0 errors, 1 left on base; New York 2 - Los Angeles 0 |
TOP OF THE 5TH |
New York Mets batting - Pitching for Los Angeles Angels : RHP Sonny Gray
|
Batting: LHB Mike Moustakas
|
0-0: Ball 1-0: SINGLE (Groundball, 25, EV 66.3 MPH) (infield hit)
|
Batting: RHB Rhys Hoskins
|
0-0: Called Strike 0-1: Ball 1-1: SINGLE (Groundball, 56D, EV 96.9 MPH) Mike Moustakas to second
|
Batting: RHB Salvador Perez
|
0-0: Fly out, F8 (Flyball, 8RM, EV 88.1 MPH)
|
Pitching: RHP Sam Dyson
|
|
Batting: LHB Eddie Rosario
|
0-0: Foul Ball, location: 2F 0-1: Ground out U3 (Groundball, 34S, EV 81.9 MPH) Mike Moustakas to third Rhys Hoskins to second
|
Batting: RHB Christian Vazquez
|
0-0: Called Strike 0-1: Ball 1-1: Ground out 6-3 (Groundball, 6, EV 106.9 MPH)
|
Top of the 5th over - 0 runs, 2 hits, 0 errors, 2 left on base; New York 2 - Los Angeles 0 |
BOTTOM OF THE 5TH |
Los Angeles Angels batting - Pitching for New York Mets : RHP Jack Flaherty
|
Batting: RHB Avisail Garcia
|
0-0: Called Strike 0-1: Called Strike 0-2: Ball 1-2: Ball 2-2: Foul Ball, location: 2F 2-2: Strikes out swinging
|
Batting: RHB Zack Cozart
|
0-0: Ball 1-0: Called Strike 1-1: Swinging Strike 1-2: Ball 2-2: Foul Ball, location: 2F 2-2: Ground out 5-3 (Groundball, 5, EV 86.9 MPH)
|
Batting: RHB Francisco Pena
|
0-0: Ball 1-0: Called Strike 1-1: Ball 2-1: Foul Ball, location: 2F 2-2: Foul Ball, location: 2F 2-2: Foul Ball, location: 2F 2-2: Ball 3-2: Fly out, F8 (Flyball, 89M, EV 88.8 MPH)
|
Bottom of the 5th over - 0 runs, 0 hits, 0 errors, 0 left on base; New York 2 - Los Angeles 0 |
TOP OF THE 6TH |
New York Mets batting - Pitching for Los Angeles Angels : RHP Sam Dyson
|
Batting: SHB Bryan Reynolds
|
0-0: Foul Ball, location: 2F 0-1: Foul Ball, location: 2F 0-2: Ground out 6-3 (Groundball, 6M, EV 89.4 MPH)
|
Batting: RHB Nick Ahmed
|
0-0: Foul Ball, location: 2F 0-1: Swinging Strike 0-2: Ball 1-2: Foul Ball, location: 2F 1-2: Ball 2-2: SOLO HOME RUN (Flyball, 7D, EV 86.3 MPH), Distance : 380 ft
|
Batting: SHB Ian Happ
|
0-0: Swinging Strike 0-1: Called Strike 0-2: Foul Ball, location: 2F 0-2: Strikes out swinging
|
Batting: LHB Travis Shaw
|
0-0: Ball 1-0: Called Strike 1-1: Ball 2-1: Fly out, F3 (Popup, 3SF, EV 70.0 MPH)
|
Top of the 6th over - 1 run, 1 hit, 0 errors, 0 left on base; New York 3 - Los Angeles 0 |
BOTTOM OF THE 6TH |
Los Angeles Angels batting - Pitching for New York Mets : RHP Jack Flaherty
|
Batting: RHB Braden Bishop
|
0-0: Foul Ball, location: 2F 0-1: Fly out, F8 (Line Drive, 8RM, EV 106.3 MPH)
|
Batting: RHB Brian Anderson
|
0-0: Ball 1-0: Swinging Strike 1-1: Ball 2-1: Foul Ball, location: 2F 2-2: Ball 3-2: Foul Ball, location: 2F 3-2: Ground out 3-1 (Groundball, 34S, EV 85.0 MPH)
|
Batting: SHB Yolmer Sanchez
|
0-0: Ground out 6-3 (Groundball, 6, EV 83.8 MPH)
|
Bottom of the 6th over - 0 runs, 0 hits, 0 errors, 0 left on base; New York 3 - Los Angeles 0 |
TOP OF THE 7TH |
New York Mets batting - Pitching for Los Angeles Angels : RHP Sam Dyson
|
Pitching: RHP Jeurys Familia
|
|
Batting: LHB Mike Moustakas
|
0-0: Swinging Strike 0-1: Ball 1-1: DOUBLE (Flyball, 8RXD, EV 97.5 MPH)
|
Batting: RHB Rhys Hoskins
|
0-0: SINGLE (Groundball, 56D, EV 106.3 MPH) Mike Moustakas to third
|
Batting: RHB Salvador Perez
|
0-0: Called Strike 0-1: Swinging Strike 0-2: Foul Ball, location: 2F 0-2: Ball 1-2: Strikes out looking
|
Batting: LHB Eddie Rosario
|
0-0: SINGLE (Line Drive, 3, EV 95.0 MPH) Mike Moustakas scores Rhys Hoskins to second Runner from 2nd tries for 3rd, SAFE, no throw by RF
|
Batting: RHB Christian Vazquez
|
0-0: Swinging Strike 0-1: Ground out 5-3 (Groundball, 56S, EV 70.0 MPH) Eddie Rosario to second
|
Batting: SHB Bryan Reynolds
|
0-0: Foul Ball, location: 2F 0-1: Ground out 4-3 (Groundball, 4, EV 86.9 MPH)
|
Top of the 7th over - 1 run, 3 hits, 0 errors, 2 left on base; New York 4 - Los Angeles 0 |
BOTTOM OF THE 7TH |
Los Angeles Angels batting - Pitching for New York Mets : RHP Jack Flaherty
|
Batting: RHB Mikie Mahtook
|
0-0: Ball 1-0: Ball 2-0: Called Strike 2-1: Ball 3-1: Base on Balls
|
Pitching: LHP Amir Garrett
|
|
Batting: RHB Wil Myers
|
0-0: Ball 1-0: Ball 2-0: Ball 3-0: Base on Balls Mikie Mahtook to second
|
Batting: RHB Cameron Maybin
|
0-0: Ball 1-0: Foul Ball, location: 2F 1-1: Grounds into double play, 6-4-3 (Groundball, 6, EV 110.6 MPH) Mikie Mahtook to third
|
Batting: RHB Avisail Garcia
|
0-0: Called Strike 0-1: Ball 1-1: Ball 2-1: Ball 3-1: Base on Balls
|
Batting: RHB Zack Cozart
|
0-0: Called Strike 0-1: Ball 1-1: Ball 2-1: Fly out, F8 (Flyball, 8RS, EV 93.8 MPH)
|
Bottom of the 7th over - 0 runs, 0 hits, 0 errors, 2 left on base; New York 4 - Los Angeles 0 |
TOP OF THE 8TH |
New York Mets batting - Pitching for Los Angeles Angels : RHP Jeurys Familia
|
Pitching: RHP Sam Tuivailala
|
|
Batting: RHB Nick Ahmed
|
0-0: Ball 1-0: Ball 2-0: Called Strike 2-1: Ball 3-1: Fly out, F7 (Flyball, 78M, EV 90.6 MPH)
|
Batting: SHB Ian Happ
|
0-0: Called Strike 0-1: Ball 1-1: Foul Ball, location: 2F 1-2: Ball 2-2: Foul Ball, location: 2F 2-2: Foul Ball, location: 2F 2-2: Ball 3-2: Foul Ball, location: 2F 3-2: Ground out 6-3 (Groundball, 4S, EV 84.4 MPH)
|
Batting: LHB Travis Shaw
|
0-0: Called Strike 0-1: Ball 1-1: Foul Ball, location: 2F 1-2: Strikes out swinging
|
Top of the 8th over - 0 runs, 0 hits, 0 errors, 0 left on base; New York 4 - Los Angeles 0 |
BOTTOM OF THE 8TH |
Los Angeles Angels batting - Pitching for New York Mets : LHP Amir Garrett
|
Pitching: RHP Giovanny Gallegos
|
|
Batting: RHB Francisco Pena
|
0-0: Called Strike 0-1: Ball 1-1: Ball 2-1: Ball 3-1: Called Strike 3-2: Foul Ball, location: 2F 3-2: Single, Error in OF, E7, batter to second base (Line Drive, 7LS, EV 91.3 MPH)
|
Batting: RHB Braden Bishop
|
0-0: Called Strike 0-1: Ball 1-1: Called Strike 1-2: Strikes out swinging
|
Batting: RHB Brian Anderson
|
0-0: Fly out, F8 (Flyball, 8RM, EV 81.3 MPH)
|
Batting: SHB Yolmer Sanchez
|
0-0: Ball 1-0: Ball 2-0: Ground out 4-3 (Groundball, 4, EV 81.9 MPH)
|
Bottom of the 8th over - 0 runs, 1 hit, 1 error, 1 left on base; New York 4 - Los Angeles 0 |
TOP OF THE 9TH |
New York Mets batting - Pitching for Los Angeles Angels : RHP Sam Tuivailala
|
Pitching: RHP Luis Cessa
|
|
Batting: LHB Mike Moustakas
|
0-0: Called Strike 0-1: Foul Ball, location: 2F 0-2: SINGLE (Line Drive, 8LS, EV 106.3 MPH)
|
Batting: RHB Rhys Hoskins
|
0-0: Called Strike 0-1: Foul Ball, location: 2F 0-2: Ball 1-2: Strikes out swinging
|
Batting: RHB Salvador Perez
|
0-0: Ball 1-0: Ball 2-0: Ball 3-0: Called Strike 3-1: Called Strike 3-2: Foul Ball, location: 2F 3-2: Strikes out looking
|
Batting: LHB Eddie Rosario
|
0-0: Foul Ball, location: 2F 0-1: Ball 1-1: Swinging Strike 1-2: Strikes out swinging
|
Top of the 9th over - 0 runs, 1 hit, 0 errors, 1 left on base; New York 4 - Los Angeles 0 |
BOTTOM OF THE 9TH |
Los Angeles Angels batting - Pitching for New York Mets : RHP Giovanny Gallegos
|
Pitching: RHP Peter Fairbanks
|
|
Batting: RHB Mikie Mahtook
|
0-0: Ball 1-0: Ball 2-0: Foul Ball, location: 2F 2-1: Swinging Strike 2-2: Strikes out swinging
|
Batting: RHB Wil Myers
|
0-0: Called Strike 0-1: Swinging Strike 0-2: Ball 1-2: Foul Ball, location: 2F 1-2: Strikes out swinging
|
Batting: RHB Cameron Maybin
|
0-0: Ball 1-0: Foul Ball, location: 2F 1-1: Called Strike 1-2: Foul Ball, location: 2F 1-2: Strikes out looking
|
Bottom of the 9th over - 0 runs, 0 hits, 0 errors, 0 left on base; New York 4 - Los Angeles 0 |
|